 Dungeon Crawl Stone Soup version 0.13.0-17-g5f0e85f (webtiles) character file.

304 Deemzul the Skirmisher (level 5, -19/47 HPs)
             Began as a Hill Orc Fighter on Oct 21, 2013.
             Demolished by an ogre
             ... wielding a +0,+0 giant club
              (28 damage)
             ... on Level 4 of the Dungeon.
             The game lasted 00:03:07 (2138 turns).

Deemzul the Skirmisher (Hill Orc Fighter)           Turns: 2138, Time: 00:03:08

HP -19/47        AC  7     Str 20      XL: 5   Next: 28%
MP   4/4         EV  6     Int  8      God:
Gold 158         SH 20     Dex 10      Spells:  0 memorised,  4 levels left

Res.Fire  : + . .   See Invis. : .   a - +0 orc trident
Res.Cold  : . . .   Warding    : .   b - +0 orc scale mail
Life Prot.: . . .   Conserve   : .   c - +0 orc shield
Res.Poison: .       Res.Corr.  : .   (no helmet)
Res.Elec. : .       Clarity    : .   (no cloak)
Sust.Abil.: . .     Spirit.Shd : .   (no gloves)
Res.Mut.  : .       Stasis     : .   (no boots)
Res.Rott. : .       Flight     : .   (no amulet)
Saprovore : + . .                    (no ring)
                                     g - ring of protection from fire {unknown}

@: slightly resistant to hostile enchantments, extremely unstealthy
A: saprovore 1
a: no special abilities


You were on level 4 of the Dungeon.
You were not hungry.

You visited 1 branch of the dungeon, and saw 4 of its levels.

You collected 138 gold pieces.

Inventory:

Hand weapons
 a - a +0,+0 orcish trident (weapon)
Armour
 b - a +0 orcish scale mail (worn)
 c - a +0 orcish shield (worn)
Magical devices
 v - a wand of teleportation (4) {unknown}
Comestibles
 d - a meat ration
 h - 2 bread rations
Scrolls
 e - 2 scrolls of recharging {unknown}
 f - a scroll of blinking {unknown}
 i - 3 scrolls of identify {unknown}
 j - a scroll of remove curse {unknown}
 l - a scroll of fog {unknown}
 n - a scroll of enchant weapon I {unknown}
 o - a scroll of enchant weapon II {unknown}
 r - a scroll of random uselessness {unknown}
Jewellery
 g - a ring of protection from fire (left hand) {unknown}
Potions
 k - a potion of speed {unknown}
 m - a potion of brilliance {unknown}
 p - 2 potions of curing {unknown}
 s - a potion of restore abilities {unknown}
 t - 2 potions of cure mutation {unknown}
 u - a potion of agility {unknown}


   Skills:
 * Level 5.5 Fighting
 - Level 2.1 Polearms
 + Level 4.1 Armour
 + Level 4.3 Shields


You had 4 spell levels left.
You didn't know any spells.

Dungeon Overview and Level Annotations

Branches:
Dungeon (4/27)
 Temple: D:4-7

Altars:
Elyvilon

Annotations:
D:4 Deemzul's ghost, average HOFi


Innate Abilities, Weirdness & Mutations

You can tolerate rotten meat.


Message History

You see here a quarterstaff.
There is an open door here.
Things that are here:
a club; a goblin corpse; an orcish dagger
There is an open door here.
There is an open door here.
You see here an orcish dagger.
A rat comes into view.
You hit the rat but do no damage. You block the rat's attack.
You block the ogre's attack. You block the rat's attack.
You barely miss the rat. The ogre hits you with a giant club!
* * * LOW HITPOINT WARNING * * *
The rat bites you but does no damage.
You barely miss the rat. The rat bites you but does no damage.
The ogre closely misses you.
You puncture the rat!
You kill the rat!
The ogre hits you with a giant club!
Ouch! That really hurt!
You die...

#........#
#........#
#######.##
'## #.#
..# ##.#
#####.#
#..#
#......
#.##
#......
#%#
#......
#@#
#......
#O#
#......
#.#
#..<...
#.#
#......
#.#
####.##
#.# #..#
#.# ##..
#.#
##########
#####)###
#.........


You could see an ogre.

Vanquished Creatures
  A worker ant (D:4)
  Jessica (D:2)
  4 adders
  A worm (D:2)
  2 giant geckos
  4 orcs (D:3)
  3 giant cockroaches
  8 hobgoblins
  6 jackals (D:1)
  6 kobolds
  2 quokkas
  5 bats
  2 giant newts (D:3)
  A giant newt skeleton (D:4)
  8 goblins
  A hobgoblin skeleton (D:4)
  7 rats
62 creatures vanquished.

Notes
Turn   | Place    | Note
--------------------------------------------------------------
     0 | D:1      | Deemzul, the Hill Orc Fighter, began the quest for the Orb.
     0 | D:1      | Reached XP level 1. HP: 19/19 MP: 0/0
    92 | D:1      | Reached XP level 2. HP: 12/26 MP: 1/1
   149 | D:1      | Reached skill level 4 in Fighting
   480 | D:1      | Reached XP level 3. HP: 33/33 MP: 2/2
   611 | D:2      | Noticed Jessica
   614 | D:2      | Killed Jessica
   636 | D:2      | Reached XP level 4. HP: 37/40 MP: 3/3
   983 | D:3      | Reached skill level 5 in Fighting
  1077 | D:4      | Noticed Deemzul's ghost (average HOFi)
  1115 | D:4      | HP: 1/40 [Deemzul's ghost (6)]
  1619 | D:3      | Reached XP level 5. HP: 42/47 MP: 4/4
  1924 | D:3      | Found a white marble altar of Elyvilon.
  2066 | D:4      | Noticed an ogre
  2138 | D:4      | Demolished by an ogre

Action                   |  1- 3 |  4- 6 || total
-------------------------+-------+-------++-------
Melee: Trident           |   134 |   129 ||   263
